WCHLSIM.com - West Coast Hockey League
html PUBLIC "-//W3C//DTD XHTML 1.0 Transitional//EN" "http://www.w3.org/TR/xhtml1/DTD/xhtml1-transitional.dtd"> WCHL - Game 1074 - LONG BEACH BARACUDAS vs BANFF WOLVES

LONG BEACH BARACUDAS vs BANFF WOLVES

Created - 23 mars 2024 at 07:34

Goals
1 2 3 T
LONG BEACH BARACUDAS 1 0 3 4
BANFF WOLVES 1 0 1 2
Shots
1 2 3 T
LONG BEACH BARACUDAS 8 11 12 31
BANFF WOLVES 13 13 9 35

1st period

1. LONG BEACH BARACUDAS , Teuvo Teravainen 16 (Nico Hischier 39, Jaden Schwartz 28) at 9:41
2. BANFF WOLVES , Roope Hintz 17 (Timo Meier 24, Joel Eriksson Ek 40) at 10:55

Penalties :
Adam Henrique (BAN) for Roughing (Minor) at 1:59, Seth Jarvis (LOB) for Holding (Minor) at 5:51

2nd period

No Goal

Penalties :
No Penalty

3rd period

3. BANFF WOLVES , Jason Dickinson 4 (Eric Staal 4) at 0:39
4. LONG BEACH BARACUDAS , Ryan O'Reilly 27 (Seth Jarvis 29, Brock Boeser 36) at 2:22
5. LONG BEACH BARACUDAS , Sam Reinhart 32 (Kyle Connor 44, William Karlsson 55) at 3:39
6. LONG BEACH BARACUDAS , Brock Boeser 14 (Ryan O'Reilly 33, Seth Jarvis 30) at 10:53

Penalties :
No Penalty

Goalie Stats

Ukko-Pekka Luukkonen (LOB), 33 saves from 35 shots - (0,943), W, 12-16-1, 60:00 minutes
Jordan Binnington (BAN), 27 saves from 31 shots - (0,871), L, 29-11-4, 60:00 minutes

Players Stats for LONG BEACH BARACUDAS

Player Name              G  A  P  +/- PIM S  H  SB GA TA FO     MP     PP MP  PK MP  
------------------------------------------------------------------------------------
Boris Katchouk           0  0  0   0  0   0  0  0  0  0  0/1     5:31   0:00   1:18 
Brock Boeser             1  1  2   1  0   4  1  0  0  0  1/3    19:04   0:00   0:00 
Calvin De Haan           0  0  0   0  0   1  0  2  0  0  0/0    16:56   1:12   0:52 
Connor Clifton           0  0  0   2  0   0  1  0  0  0  0/0    20:16   0:00   1:07 
Derek Stepan             0  0  0   0  0   0  0  0  0  0  3/6     4:13   0:00   0:00 
Jaden Schwartz           0  1  1   0  0   2  1  0  0  0  1/1    12:58   0:38   0:41 
Kyle Connor              0  1  1   1  0   3  1  0  0  0  0/3    21:53   0:47   0:00 
Nathan Beaulieu          0  0  0   0  0   1  1  0  0  0  0/0    16:46   0:47   1:07 
Nico Hischier            0  1  1   0  0   0  1  1  0  0  8/17   12:26   0:47   0:00 
Ryan O'Reilly            1  1  2   1  0   4  0  2  0  0  16/24  19:45   0:00   0:41 
Sam Reinhart             1  0  1   1  0   10 0  1  0  0  0/2    21:53   0:47   0:00 
Scott Harrington         0  0  0   2  0   0  0  1  0  0  0/0    19:43   0:34   0:00 
Seth Jarvis              0  2  2   1  2   1  2  0  0  0  0/1    20:15   1:12   0:00 
Teuvo Teravainen         1  0  1   0  0   2  0  0  0  0  1/5    14:09   1:12   1:18 
Tom Wilson               0  0  0   0  0   0  1  0  0  0  0/0     4:13   0:00   0:00 
Torey Krug               0  0  0   0  0   0  1  1  0  0  0/0    22:37   0:36   0:00 
William Karlsson         0  1  1   1  0   1  1  0  0  0  17/27  21:40   0:34   0:00 
Zachary Werenski         0  0  0   0  0   2  0  3  0  0  0/0    23:42   0:49   0:52 

Players Stats for BANFF WOLVES

Player Name              G  A  P  +/- PIM S  H  SB GA TA FO     MP     PP MP  PK MP  
------------------------------------------------------------------------------------
Adam Henrique            0  0  0   0  2   4  1  2  0  0  1/3    15:35   0:40   0:00 
Artemi Panarin           0  0  0  -3  0   2  1  0  0  0  0/0    22:57   1:29   1:20 
Cam Fowler               0  0  0  -1  0   0  1  3  0  0  0/0    18:07   0:00   0:53 
Elias Lindholm           0  0  0  -3  0   3  0  0  0  0  14/25  22:23   1:29   0:46 
Eric Staal               0  1  1   1  0   0  0  0  0  0  5/11    5:13   0:00   0:00 
Ian Cole                 0  0  0  -1  0   2  0  2  0  0  0/0    19:05   0:00   0:00 
Jason Dickinson          1  0  1   1  0   1  1  0  0  0  0/0     5:52   0:00   0:39 
Joel Eriksson Ek         0  1  1   0  0   4  0  0  0  0  8/20   17:28   0:30   1:13 
Marc Staal               0  0  0   0  0   0  0  0  0  0  0/0     4:58   0:00   0:00 
Mats Zuccarello          0  0  0  -3  0   5  1  0  0  0  1/2    21:37   1:29   0:00 
Mikael Backlund          0  0  0   0  0   2  2  0  0  0  13/22  14:56   0:00   0:00 
Miro Heiskanen           0  0  0   0  0   0  0  1  0  0  0/0    22:08   1:19   1:06 
Nick Leddy               0  0  0  -1  0   1  0  3  0  0  0/0    14:07   0:00   0:00 
Quinton Hughes           0  0  0  -1  0   4  1  1  0  0  0/0    18:47   0:40   0:53 
Roman Josi               0  0  0   0  0   1  0  4  0  0  0/0    22:08   1:19   1:06 
Roope Hintz              1  0  1   0  0   2  0  1  0  0  1/2    16:15   0:30   0:00 
Timo Meier               0  1  1   1  0   2  1  0  0  0  0/3    21:28   0:30   0:00 
Tyler Toffoli            0  0  0   0  0   2  1  0  0  0  0/2    14:56   0:00   0:00 

3 Stars

1 - Brock Boeser (LOB)
2 - Ryan O'Reilly (LOB)
3 - Ukko-Pekka Luukkonen (LOB)

Power Play

LONG BEACH BARACUDAS - 0 on 1 Attempt(s) - 0,00%
BANFF WOLVES - 0 on 1 Attempt(s) - 0,00%

Penalty Kill

LONG BEACH BARACUDAS - 1 on 1 Attempt(s) - 100,00% - Score 0 goal in Penalty Kill
BANFF WOLVES - 1 on 1 Attempt(s) - 100,00% - Score 0 goal in Penalty Kill

Team Stat

LONG BEACH BARACUDAS - Hits : 11 - Faceoff Wins : 47 - Blocked Shots : 11 - Penalty Minutes : 2
BANFF WOLVES - Hits : 10 - Faceoff Wins : 43 - Blocked Shots : 17 - Penalty Minutes : 2

Official

Referees : Dave Lewis and Gord Dwyer
Linesman : Brian Murphy and Andrew Smith

Game Notes

No Game Note

Finance

Level 1 -- Attendance: 6364 (90,27%) -- Ticket Income 795 500 $
Level 2 -- Attendance: 5063 (85,01%) -- Ticket Income 506 300 $
Level 3 -- Attendance: 2340 (100,00%) -- Ticket Income 140 400 $
Level 4 -- Attendance: 5000 (100,00%) -- Ticket Income 225 000 $
Luxury Box -- Attendance: 1065 (100,00%) -- Ticket Income 292 875 $
Game was played at the Rocky Mountains Sports Complex.
Total Attendance: 19832 (92,63%)
Total Ticket Income: 1 960 075 $
Other Expense: 19 601 $
Total Income: 1 940 474 $

LONG BEACH BARACUDAS

5 vs 5 Forward 
   Center                   Left Wing                Right Wing               Time % Phy DF OF 
 1 William Karlsson         Kyle Connor              Sam Reinhart             39     0   1  4  
 2 Ryan O'Reilly            Seth Jarvis              Brock Boeser             33     0   1  4  
 3 Nico Hischier            Jaden Schwartz           Teuvo Teravainen         20     0   1  4  
 4 Derek Stepan             Boris Katchouk           Tom Wilson               8      0   2  3  

5 vs 5 Defense 
   Defense                  Defense                                           Time % Phy DF OF 
 1 Zachary Werenski         Torey Krug                                        36     0   3  2  
 2 Connor Clifton           Scott Harrington                                  31     0   3  2  
 3 Nathan Beaulieu          Calvin De Haan                                    23     0   3  2  
 4 Zachary Werenski         Torey Krug                                        10     0   3  2  

PowerPlay Forward 
   Center                   Left Wing                Right Wing               Time % Phy DF OF 
 1 William Karlsson         Seth Jarvis              Teuvo Teravainen         52     1   0  4  
 2 Nico Hischier            Kyle Connor              Sam Reinhart             48     1   0  4  

PowerPlay Defense
   Defense                  Defense                                           Time % Phy DF OF 
 1 Calvin De Haan           Scott Harrington                                  52     0   0  5  
 2 Torey Krug               Nathan Beaulieu                                   48     0   0  5  

Penalty Kill 4 Players Forward 
   Center                   Wing                     Time % Phy DF OF 
 1 Teuvo Teravainen         Seth Jarvis              55     1   2  2  
 2 Ryan O'Reilly            Jaden Schwartz           45     1   2  2  

Penalty Kill 4 Players Defense
   Defense                  Defense                  Time % Phy DF OF 
 1 Nathan Beaulieu          Connor Clifton           55     0   3  2  
 2 Zachary Werenski         Calvin De Haan           45     0   3  2  

Penalty Kill - 3 Players Forward 
   Forward                                           Time % Phy DF OF 
 1 William Karlsson                                  55     0   5  0  
 2 Ryan O'Reilly                                     45     0   5  0  

Penalty Kill - 3 Players Defense
   Defense                  Defense                  Time % Phy DF OF 
 1 Zachary Werenski         Calvin De Haan           55     0   5  0  
 2 Connor Clifton           Scott Harrington         45     0   5  0  

4 vs 4 Forward 
   Center                   Wing                     Time % Phy DF OF 
 1 Nico Hischier            Teuvo Teravainen         55     0   2  3  
 2 Ryan O'Reilly            Tom Wilson               45     0   2  3  

4 vs 4 Defense
   Defense                  Defense                  Time % Phy DF OF 
 1 Zachary Werenski         Torey Krug               55     0   3  2  
 2 Calvin De Haan           Nathan Beaulieu          45     0   3  2  

Last Minutes Offensive
   Center                   Left Wing                Right Wing               Defense                  Defense                  
   William Karlsson         Kyle Connor              Sam Reinhart             Zachary Werenski         Torey Krug               

Last Minutes Defensive
   Center                   Left Wing                Right Wing               Defense                  Defense                  
   Nico Hischier            Teuvo Teravainen         Brock Boeser             Zachary Werenski         Connor Clifton           

Goaltenders
Starting : Ukko-Pekka Luukkonen     
Backup : Alex Lyon                

Extra Forwards
Normal : Brock Boeser, Nico Hischier, Teuvo Teravainen - PP : Jaden Schwartz, Brock Boeser - PK : Seth Jarvis
Extra Defensemen
Normal : Torey Krug, Connor Clifton, Zachary Werenski - PP : Nathan Beaulieu - PK : Connor Clifton, Zachary Werenski
Penalty Shots
Kyle Connor, Sam Reinhart, Ryan O'Reilly, Nico Hischier, William Karlsson
Custom OT Lines Forwards
William Karlsson, Sam Reinhart, Ryan O'Reilly, Kyle Connor, Nico Hischier, Brock Boeser, Teuvo Teravainen, Seth Jarvis, Jaden Schwartz, Boris Katchouk
Custom OT Lines Defensemen
Zachary Werenski, Nathan Beaulieu, Calvin De Haan, Scott Harrington, Connor Clifton

Scratches
Justin Braun (Healthy), Pyotr Kochetkov (Left Leg Injury)

BANFF WOLVES

5 vs 5 Forward 
   Center                   Left Wing                Right Wing               Time % Phy DF OF 
 1 Elias Lindholm           Artemi Panarin           Mats Zuccarello          36     0   5  0  
 2 Joel Eriksson Ek         Roope Hintz              Timo Meier               31     0   5  0  
 3 Mikael Backlund          Adam Henrique            Tyler Toffoli            23     0   5  0  
 4 Eric Staal               Jason Dickinson          Timo Meier               10     0   5  0  

5 vs 5 Defense 
   Defense                  Defense                                           Time % Phy DF OF 
 1 Roman Josi               Miro Heiskanen                                    36     0   5  0  
 2 Quinton Hughes           Cam Fowler                                        31     0   5  0  
 3 Nick Leddy               Ian Cole                                          23     0   5  0  
 4 Marc Staal               Ian Cole                                          10     0   5  0  

PowerPlay Forward 
   Center                   Left Wing                Right Wing               Time % Phy DF OF 
 1 Elias Lindholm           Artemi Panarin           Mats Zuccarello          55     0   0  5  
 2 Joel Eriksson Ek         Roope Hintz              Timo Meier               45     0   0  5  

PowerPlay Defense
   Defense                  Defense                                           Time % Phy DF OF 
 1 Roman Josi               Miro Heiskanen                                    55     0   0  5  
 2 Quinton Hughes           Adam Henrique                                     45     0   0  5  

Penalty Kill 4 Players Forward 
   Center                   Wing                     Time % Phy DF OF 
 1 Joel Eriksson Ek         Adam Henrique            55     0   5  0  
 2 Elias Lindholm           Artemi Panarin           45     0   5  0  

Penalty Kill 4 Players Defense
   Defense                  Defense                  Time % Phy DF OF 
 1 Roman Josi               Miro Heiskanen           55     0   5  0  
 2 Quinton Hughes           Cam Fowler               45     0   5  0  

Penalty Kill - 3 Players Forward 
   Forward                                           Time % Phy DF OF 
 1 Mikael Backlund                                   55     0   5  0  
 2 Elias Lindholm                                    45     0   5  0  

Penalty Kill - 3 Players Defense
   Defense                  Defense                  Time % Phy DF OF 
 1 Roman Josi               Miro Heiskanen           55     0   5  0  
 2 Quinton Hughes           Cam Fowler               45     0   5  0  

4 vs 4 Forward 
   Center                   Wing                     Time % Phy DF OF 
 1 Joel Eriksson Ek         Mats Zuccarello          55     0   5  0  
 2 Roope Hintz              Artemi Panarin           45     0   5  0  

4 vs 4 Defense
   Defense                  Defense                  Time % Phy DF OF 
 1 Roman Josi               Miro Heiskanen           55     0   5  0  
 2 Quinton Hughes           Cam Fowler               45     0   5  0  

Last Minutes Offensive
   Center                   Left Wing                Right Wing               Defense                  Defense                  
   Roope Hintz              Artemi Panarin           Mats Zuccarello          Roman Josi               Miro Heiskanen           

Last Minutes Defensive
   Center                   Left Wing                Right Wing               Defense                  Defense                  
   Roope Hintz              Artemi Panarin           Mats Zuccarello          Roman Josi               Miro Heiskanen           

Goaltenders
Starting : Jordan Binnington        
Backup : Joey Daccord             

Extra Forwards
Normal : Eric Staal, Mikael Backlund, Adam Henrique - PP : Eric Staal, Mikael Backlund - PK : Adam Henrique
Extra Defensemen
Normal : Nick Leddy, Ian Cole, Marc Staal - PP : Nick Leddy - PK : Ian Cole, Marc Staal
Penalty Shots
Artemi Panarin, Mats Zuccarello, Roope Hintz, Joel Eriksson Ek, Mikael Backlund
Custom OT Lines Forwards
Artemi Panarin, Mats Zuccarello, Roope Hintz, Joel Eriksson Ek, Mikael Backlund, Tyler Toffoli, Adam Henrique, Timo Meier, Jason Dickinson, Eric Staal
Custom OT Lines Defensemen
Roman Josi, Miro Heiskanen, Quinton Hughes, Cam Fowler, Nick Leddy

Scratches
Adam Erne (Healthy), Nick Bonino (Sprained Right Ankle Injury), Simon Benoit (Healthy)

% Time on Ice - LONG BEACH BARACUDAS

Lines # - Real PCT - Wanted PCT - Time Play
Normal Forward
1 - 38% - 39% - 21:06
2 - 34% - 33% - 19:04
3 - 21% - 20% - 11:39
4 - 8% - 8% - 4:13
Normal Defense
1 - 33% - 36% - 18:40
2 - 34% - 31% - 19:09
3 - 27% - 23% - 14:52
4 - 6% - 10% - 3:21
PP Forward
1 - 61% - 52% - 1:12
2 - 39% - 48% - 0:47
PP Defense
1 - 61% - 52% - 1:12
2 - 39% - 48% - 0:47
PK Forward
1 - 66% - 55% - 1:18
2 - 34% - 45% - 0:41
PK Defense
1 - 56% - 55% - 1:07
2 - 44% - 45% - 0:52
PK3 Forward
1 - 0% - 55%
2 - 0% - 45%
PK3 Defense
1 - 0% - 55%
2 - 0% - 45%
44 Forward
1 - 0% - 55%
2 - 0% - 45%
44 Defense
1 - 0% - 55%
2 - 0% - 45%
Last Minute Offensive  - 0:00
Last Minute Defensive  - 0:00
Total
Forward - 60:00
Defense - 60:00

% Time on Ice - BANFF WOLVES

Lines # - Real PCT - Wanted PCT - Time Play
Normal Forward
1 - 36% - 36% - 20:08
2 - 28% - 31% - 15:45
3 - 27% - 23% - 14:56
4 - 9% - 10% - 5:13
Normal Defense
1 - 35% - 36% - 19:43
2 - 31% - 31% - 17:14
3 - 25% - 23% - 14:07
4 - 9% - 10% - 4:58
PP Forward
1 - 75% - 55% - 1:29
2 - 25% - 45% - 0:30
PP Defense
1 - 66% - 55% - 1:19
2 - 34% - 45% - 0:40
PK Forward
1 - 61% - 55% - 1:13
2 - 39% - 45% - 0:46
PK Defense
1 - 55% - 55% - 1:06
2 - 45% - 45% - 0:53
PK3 Forward
1 - 0% - 55%
2 - 0% - 45%
PK3 Defense
1 - 0% - 55%
2 - 0% - 45%
44 Forward
1 - 0% - 55%
2 - 0% - 45%
44 Defense
1 - 0% - 55%
2 - 0% - 45%
Last Minute Offensive  - 0:00
Last Minute Defensive  - 0:00
Total
Forward - 60:00
Defense - 60:00

Play-by-Play

1st period


0:01 of 1st period - William Karlsson wins face-off versus Mats Zuccarello in neutral zone.
0:48 of 1st period - Shot by Elias Lindholm.
0:48 of 1st period - Shot Hit the Post.
1:00 of 1st period - Roope Hintz is hit by William Karlsson and loses puck.
1:18 of 1st period - Icing by Zachary Werenski.
1:19 of 1st period - William Karlsson wins face-off versus Tyler Toffoli in LONG BEACH BARACUDAS zone.
1:29 of 1st period - Icing by Nick Leddy.
1:30 of 1st period - Mikael Backlund wins face-off versus Seth Jarvis in BANFF WOLVES zone.
1:59 of 1st period - Minor Penalty to Adam Henrique for Roughing.
2:00 of 1st period - William Karlsson wins face-off versus Joel Eriksson Ek in BANFF WOLVES zone.
2:05 of 1st period - Shot by Teuvo Teravainen.
2:05 of 1st period - Shot Misses the Net.
4:22 of 1st period - Shot by Adam Henrique.
4:22 of 1st period - Shot Misses the Net.
5:01 of 1st period - Icing by Cam Fowler.
5:02 of 1st period - Eric Staal wins face-off versus William Karlsson in BANFF WOLVES zone.
5:09 of 1st period - Zachary Werenski is hit by Jason Dickinson.
5:15 of 1st period - Shot by Kyle Connor.
5:15 of 1st period - Deflect By Sam Reinhart.
5:15 of 1st period - Stopped by Jordan Binnington without a rebound.
5:16 of 1st period - Nico Hischier wins face-off versus Elias Lindholm in BANFF WOLVES zone.
5:17 of 1st period - Shot by Teuvo Teravainen.
5:17 of 1st period - Shot Blocked by Miro Heiskanen.
5:22 of 1st period - Off-side.
5:23 of 1st period - Ryan O'Reilly wins face-off versus Joel Eriksson Ek in neutral zone.
5:51 of 1st period - Minor Penalty to Seth Jarvis for Holding.
5:52 of 1st period - Teuvo Teravainen wins face-off versus Elias Lindholm in LONG BEACH BARACUDAS zone.
6:01 of 1st period - Shot by Quinton Hughes.
6:01 of 1st period - Stopped by Ukko-Pekka Luukkonen without a rebound.
6:02 of 1st period - Elias Lindholm wins face-off versus Boris Katchouk in LONG BEACH BARACUDAS zone.
6:07 of 1st period - Shot by Mats Zuccarello.
6:07 of 1st period - Stopped by Ukko-Pekka Luukkonen without a rebound.
6:08 of 1st period - Elias Lindholm wins face-off versus Teuvo Teravainen in LONG BEACH BARACUDAS zone.
6:43 of 1st period - Shot by Artemi Panarin.
6:43 of 1st period - Shot Blocked by Zachary Werenski.
6:45 of 1st period - Shot by Mats Zuccarello.
6:45 of 1st period - Shot Blocked by Calvin De Haan.
6:47 of 1st period - Shot by Elias Lindholm.
6:47 of 1st period - Stopped by Ukko-Pekka Luukkonen without a rebound.
6:48 of 1st period - Joel Eriksson Ek wins face-off versus Teuvo Teravainen in LONG BEACH BARACUDAS zone.
6:49 of 1st period - Shot by Quinton Hughes.
6:49 of 1st period - Stopped by Ukko-Pekka Luukkonen without a rebound.
6:50 of 1st period - Joel Eriksson Ek wins face-off versus Teuvo Teravainen in LONG BEACH BARACUDAS zone.
6:51 of 1st period - Shot by Quinton Hughes.
6:51 of 1st period - Shot Blocked by Zachary Werenski.
6:53 of 1st period - Shot by Timo Meier.
6:53 of 1st period - Shot Misses the Net.
6:55 of 1st period - Shot by Joel Eriksson Ek.
6:55 of 1st period - Shot Misses the Net.
6:57 of 1st period - Shot by Joel Eriksson Ek.
6:57 of 1st period - Stopped by Ukko-Pekka Luukkonen with a rebound.
6:59 of 1st period - Shot by Quinton Hughes.
6:59 of 1st period - Shot Blocked by Calvin De Haan.
7:17 of 1st period - Shot by Adam Henrique.
7:17 of 1st period - Stopped by Ukko-Pekka Luukkonen without a rebound.
7:18 of 1st period - Ryan O'Reilly wins face-off versus Elias Lindholm in LONG BEACH BARACUDAS zone.
8:24 of 1st period - Shot by Joel Eriksson Ek.
8:24 of 1st period - Shot Misses the Net.
8:26 of 1st period - Shot by Joel Eriksson Ek.
8:26 of 1st period - Shot Blocked by Sam Reinhart.
8:28 of 1st period - Shot by Joel Eriksson Ek.
8:28 of 1st period - Stopped by Ukko-Pekka Luukkonen without a rebound.
8:29 of 1st period - Elias Lindholm wins face-off versus Ryan O'Reilly in LONG BEACH BARACUDAS zone.
8:49 of 1st period - Nick Leddy is hit by Seth Jarvis and loses puck.
9:00 of 1st period - Shot by Elias Lindholm.
9:00 of 1st period - Shot Misses the Net.
9:41 of 1st period - Shot by Nico Hischier.
9:41 of 1st period - Deflect By Teuvo Teravainen.
9:41 of 1st period - Goal by Teuvo Teravainen - LONG BEACH BARACUDAS : 1 - BANFF WOLVES : 0.
9:42 of 1st period - Joel Eriksson Ek wins face-off versus Kyle Connor in neutral zone.
10:01 of 1st period - Shot by Kyle Connor.
10:01 of 1st period - Shot Blocked by Roman Josi.
10:03 of 1st period - Shot by Sam Reinhart.
10:03 of 1st period - Stopped by Jordan Binnington without a rebound.
10:04 of 1st period - Nico Hischier wins face-off versus Mikael Backlund in BANFF WOLVES zone.
10:11 of 1st period - Shot by Jaden Schwartz.
10:11 of 1st period - Stopped by Jordan Binnington without a rebound.
10:12 of 1st period - Joel Eriksson Ek wins face-off versus Nico Hischier in BANFF WOLVES zone.
10:53 of 1st period - Shot by Roope Hintz.
10:53 of 1st period - Shot Misses the Net.
10:55 of 1st period - Shot by Timo Meier.
10:55 of 1st period - Deflect By Roope Hintz.
10:55 of 1st period - Goal by Roope Hintz - LONG BEACH BARACUDAS : 1 - BANFF WOLVES : 1.
10:56 of 1st period - Elias Lindholm wins face-off versus Ryan O'Reilly in neutral zone.
11:26 of 1st period - Ryan O'Reilly is hit by Cam Fowler and loses puck.
11:47 of 1st period - Shot by Sam Reinhart.
11:47 of 1st period - Stopped by Jordan Binnington with a rebound.
11:57 of 1st period - Shot by Sam Reinhart.
11:57 of 1st period - Deflect By Kyle Connor.
11:57 of 1st period - Shot Blocked by Quinton Hughes.
11:59 of 1st period - Shot by Zachary Werenski.
11:59 of 1st period - Shot Misses the Net.
12:01 of 1st period - Shot by Kyle Connor.
12:01 of 1st period - Shot Misses the Net.
12:03 of 1st period - Shot by Sam Reinhart.
12:03 of 1st period - Stopped by Jordan Binnington with a rebound.
12:28 of 1st period - Shot by Sam Reinhart.
12:28 of 1st period - Stopped by Jordan Binnington without a rebound.
12:29 of 1st period - Joel Eriksson Ek wins face-off versus Nico Hischier in BANFF WOLVES zone.
12:29 of 1st period - Joel Eriksson Ek is hit by Jaden Schwartz.
12:43 of 1st period - Shot by Roope Hintz.
12:43 of 1st period - Stopped by Ukko-Pekka Luukkonen without a rebound.
12:44 of 1st period - Mikael Backlund wins face-off versus Ryan O'Reilly in LONG BEACH BARACUDAS zone.
12:57 of 1st period - Shot by Adam Henrique.
12:57 of 1st period - Deflect By Tyler Toffoli.
12:57 of 1st period - Shot Blocked by Ryan O'Reilly.
12:59 of 1st period - Shot by Ian Cole.
12:59 of 1st period - Stopped by Ukko-Pekka Luukkonen with a rebound.
13:01 of 1st period - Shot by Adam Henrique.
13:01 of 1st period - Shot Misses the Net.
13:03 of 1st period - Shot by Adam Henrique.
13:03 of 1st period - Shot Misses the Net.
13:17 of 1st period - Shot by Tyler Toffoli.
13:17 of 1st period - Shot Misses the Net.
13:19 of 1st period - Shot by Ian Cole.
13:19 of 1st period - Stopped by Ukko-Pekka Luukkonen with a rebound.
13:21 of 1st period - Shot by Mikael Backlund.
13:21 of 1st period - Shot Misses the Net.
13:59 of 1st period - Shot by Kyle Connor.
13:59 of 1st period - Stopped by Jordan Binnington without a rebound.
14:00 of 1st period - Nico Hischier wins face-off versus Eric Staal in BANFF WOLVES zone.
14:55 of 1st period - Quinton Hughes is hit by Nico Hischier.
16:37 of 1st period - Shot by Tyler Toffoli.
16:37 of 1st period - Stopped by Ukko-Pekka Luukkonen without a rebound.
16:38 of 1st period - Derek Stepan wins face-off versus Joel Eriksson Ek in LONG BEACH BARACUDAS zone.
16:50 of 1st period - Shot by Tom Wilson.
16:50 of 1st period - Shot Misses the Net.
18:15 of 1st period - Icing by Connor Clifton.
18:16 of 1st period - Nico Hischier wins face-off versus Adam Henrique in LONG BEACH BARACUDAS zone.
19:10 of 1st period - Icing by Nico Hischier.
19:11 of 1st period - Nico Hischier wins face-off versus Elias Lindholm in LONG BEACH BARACUDAS zone.
19:23 of 1st period - Shot by Elias Lindholm.
19:23 of 1st period - Stopped by Ukko-Pekka Luukkonen with a rebound.
19:29 of 1st period - Shot by Mats Zuccarello.
19:29 of 1st period - Shot Blocked by Nico Hischier.
Goals for this period are 1 for LONG BEACH BARACUDAS vs 1 for BANFF WOLVES.
Shots for this period are 8 for LONG BEACH BARACUDAS vs 13 for BANFF WOLVES.

2nd period


0:01 of 2nd period - Joel Eriksson Ek wins face-off versus William Karlsson in neutral zone.
1:06 of 2nd period - Icing by Zachary Werenski.
1:07 of 2nd period - Mikael Backlund wins face-off versus Sam Reinhart in LONG BEACH BARACUDAS zone.
1:08 of 2nd period - Shot by Adam Henrique.
1:08 of 2nd period - Shot Misses the Net.
1:37 of 2nd period - Shot by Brock Boeser.
1:37 of 2nd period - Stopped by Jordan Binnington without a rebound.
1:38 of 2nd period - Elias Lindholm wins face-off versus Derek Stepan in BANFF WOLVES zone.
1:54 of 2nd period - Elias Lindholm is hit by Connor Clifton and loses puck.
1:57 of 2nd period - Shot by Mats Zuccarello.
1:57 of 2nd period - Stopped by Ukko-Pekka Luukkonen without a rebound.
1:58 of 2nd period - Ryan O'Reilly wins face-off versus Joel Eriksson Ek in LONG BEACH BARACUDAS zone.
1:58 of 2nd period - Ryan O'Reilly is hit by Timo Meier.
2:25 of 2nd period - Shot by Seth Jarvis.
2:25 of 2nd period - Shot Misses the Net.
2:54 of 2nd period - Icing by Calvin De Haan.
2:55 of 2nd period - Elias Lindholm wins face-off versus Brock Boeser in LONG BEACH BARACUDAS zone.
3:39 of 2nd period - Icing by Ryan O'Reilly.
3:40 of 2nd period - Mikael Backlund wins face-off versus Brock Boeser in LONG BEACH BARACUDAS zone.
4:03 of 2nd period - Shot by Kyle Connor.
4:03 of 2nd period - Shot Misses the Net.
4:06 of 2nd period - Icing by Ian Cole.
4:07 of 2nd period - Mikael Backlund wins face-off versus William Karlsson in BANFF WOLVES zone.
4:14 of 2nd period - Shot by Mikael Backlund.
4:14 of 2nd period - Shot Blocked by Torey Krug.
4:18 of 2nd period - Shot by Adam Henrique.
4:18 of 2nd period - Shot Misses the Net.
4:28 of 2nd period - Shot by Tyler Toffoli.
4:28 of 2nd period - Shot Misses the Net.
4:30 of 2nd period - Shot by Adam Henrique.
4:30 of 2nd period - Stopped by Ukko-Pekka Luukkonen with a rebound.
4:32 of 2nd period - Shot by Nick Leddy.
4:32 of 2nd period - Stopped by Ukko-Pekka Luukkonen without a rebound.
4:33 of 2nd period - Derek Stepan wins face-off versus Joel Eriksson Ek in LONG BEACH BARACUDAS zone.
4:40 of 2nd period - Joel Eriksson Ek is hit by Tom Wilson and loses puck.
6:22 of 2nd period - Off-side.
6:23 of 2nd period - Mats Zuccarello wins face-off versus Ryan O'Reilly in neutral zone.
6:51 of 2nd period - Off-side.
6:52 of 2nd period - Mikael Backlund wins face-off versus Nico Hischier in neutral zone.
7:00 of 2nd period - Icing by Nathan Beaulieu.
7:01 of 2nd period - Jaden Schwartz wins face-off versus Mikael Backlund in LONG BEACH BARACUDAS zone.
7:01 of 2nd period - Jaden Schwartz is hit by Tyler Toffoli.
7:09 of 2nd period - Shot by Teuvo Teravainen.
7:09 of 2nd period - Shot Blocked by Nick Leddy.
7:11 of 2nd period - Shot by Jaden Schwartz.
7:11 of 2nd period - Stopped by Jordan Binnington with a rebound.
7:13 of 2nd period - Shot by Nico Hischier.
7:13 of 2nd period - Shot Blocked by Nick Leddy.
7:15 of 2nd period - Shot by Nathan Beaulieu.
7:15 of 2nd period - Stopped by Jordan Binnington with a rebound.
7:17 of 2nd period - Shot by Nathan Beaulieu.
7:17 of 2nd period - Shot Misses the Net.
7:19 of 2nd period - Shot by Calvin De Haan.
7:19 of 2nd period - Shot Misses the Net.
7:21 of 2nd period - Shot by Teuvo Teravainen.
7:21 of 2nd period - Stopped by Jordan Binnington without a rebound.
7:22 of 2nd period - Elias Lindholm wins face-off versus William Karlsson in BANFF WOLVES zone.
8:01 of 2nd period - Icing by Torey Krug.
8:02 of 2nd period - Eric Staal wins face-off versus William Karlsson in LONG BEACH BARACUDAS zone.
8:03 of 2nd period - Shot by Timo Meier.
8:03 of 2nd period - Shot Misses the Net.
8:06 of 2nd period - Icing by Sam Reinhart.
8:07 of 2nd period - Eric Staal wins face-off versus William Karlsson in LONG BEACH BARACUDAS zone.
8:08 of 2nd period - Shot by Timo Meier.
8:08 of 2nd period - Stopped by Ukko-Pekka Luukkonen without a rebound.
8:09 of 2nd period - Ryan O'Reilly wins face-off versus Timo Meier in LONG BEACH BARACUDAS zone.
8:29 of 2nd period - Icing by Ian Cole.
8:30 of 2nd period - Eric Staal wins face-off versus Kyle Connor in BANFF WOLVES zone.
8:48 of 2nd period - Off-side.
8:49 of 2nd period - Ryan O'Reilly wins face-off versus Elias Lindholm in neutral zone.
8:54 of 2nd period - Quinton Hughes is hit by Seth Jarvis and loses puck.
9:15 of 2nd period - Shot by Mats Zuccarello.
9:15 of 2nd period - Shot Misses the Net.
9:17 of 2nd period - Shot by Elias Lindholm.
9:17 of 2nd period - Shot Misses the Net.
9:19 of 2nd period - Shot by Mats Zuccarello.
9:19 of 2nd period - Shot Misses the Net.
9:21 of 2nd period - Shot by Elias Lindholm.
9:21 of 2nd period - Stopped by Ukko-Pekka Luukkonen with a rebound.
9:23 of 2nd period - Shot by Quinton Hughes.
9:23 of 2nd period - Stopped by Ukko-Pekka Luukkonen without a rebound.
9:24 of 2nd period - William Karlsson wins face-off versus Timo Meier in LONG BEACH BARACUDAS zone.
9:34 of 2nd period - Shot by Kyle Connor.
9:34 of 2nd period - Shot Misses the Net.
10:19 of 2nd period - Icing by Miro Heiskanen.
10:20 of 2nd period - Brock Boeser wins face-off versus Joel Eriksson Ek in BANFF WOLVES zone.
10:23 of 2nd period - Shot by Ryan O'Reilly.
10:23 of 2nd period - Deflect By Seth Jarvis.
10:23 of 2nd period - Shot Misses the Net.
10:25 of 2nd period - Shot by Ryan O'Reilly.
10:25 of 2nd period - Stopped by Jordan Binnington with a rebound.
10:27 of 2nd period - Shot by Ryan O'Reilly.
10:27 of 2nd period - Deflect By Brock Boeser.
10:27 of 2nd period - Stopped by Jordan Binnington without a rebound.
10:28 of 2nd period - Ryan O'Reilly wins face-off versus Elias Lindholm in BANFF WOLVES zone.
10:41 of 2nd period - Shot by Artemi Panarin.
10:41 of 2nd period - Stopped by Ukko-Pekka Luukkonen without a rebound.
10:42 of 2nd period - Mikael Backlund wins face-off versus Nico Hischier in LONG BEACH BARACUDAS zone.
10:52 of 2nd period - Icing by Scott Harrington.
10:53 of 2nd period - Elias Lindholm wins face-off versus Nico Hischier in LONG BEACH BARACUDAS zone.
11:14 of 2nd period - Shot by Mats Zuccarello.
11:14 of 2nd period - Stopped by Ukko-Pekka Luukkonen without a rebound.
11:15 of 2nd period - William Karlsson wins face-off versus Mikael Backlund in LONG BEACH BARACUDAS zone.
11:15 of 2nd period - William Karlsson is hit by Mikael Backlund.
11:34 of 2nd period - Sam Reinhart is hit by Quinton Hughes and loses puck.
11:47 of 2nd period - Shot by Adam Henrique.
11:47 of 2nd period - Stopped by Ukko-Pekka Luukkonen without a rebound.
11:48 of 2nd period - Elias Lindholm wins face-off versus Ryan O'Reilly in LONG BEACH BARACUDAS zone.
12:17 of 2nd period - Shot by Brock Boeser.
12:17 of 2nd period - Shot Misses the Net.
12:29 of 2nd period - Shot by Ryan O'Reilly.
12:29 of 2nd period - Stopped by Jordan Binnington without a rebound.
12:30 of 2nd period - William Karlsson wins face-off versus Joel Eriksson Ek in BANFF WOLVES zone.
12:40 of 2nd period - Icing by Roman Josi.
12:41 of 2nd period - William Karlsson wins face-off versus Joel Eriksson Ek in BANFF WOLVES zone.
12:48 of 2nd period - Shot by William Karlsson.
12:48 of 2nd period - Shot Blocked by Roope Hintz.
13:06 of 2nd period - Icing by Connor Clifton.
13:07 of 2nd period - Elias Lindholm wins face-off versus William Karlsson in LONG BEACH BARACUDAS zone.
13:53 of 2nd period - Shot by Mats Zuccarello.
13:53 of 2nd period - Stopped by Ukko-Pekka Luukkonen without a rebound.
13:54 of 2nd period - Ryan O'Reilly wins face-off versus Eric Staal in LONG BEACH BARACUDAS zone.
14:06 of 2nd period - Off-side.
14:07 of 2nd period - Mikael Backlund wins face-off versus Teuvo Teravainen in neutral zone.
14:16 of 2nd period - Shot by Mikael Backlund.
14:16 of 2nd period - Stopped by Ukko-Pekka Luukkonen without a rebound.
14:17 of 2nd period - Ryan O'Reilly wins face-off versus Timo Meier in LONG BEACH BARACUDAS zone.
14:37 of 2nd period - Shot by Joel Eriksson Ek.
14:37 of 2nd period - Shot Misses the Net.
14:39 of 2nd period - Shot by Roope Hintz.
14:39 of 2nd period - Deflect By Timo Meier.
14:39 of 2nd period - Stopped by Ukko-Pekka Luukkonen without a rebound.
14:40 of 2nd period - William Karlsson wins face-off versus Mikael Backlund in LONG BEACH BARACUDAS zone.
16:08 of 2nd period - Shot by Mats Zuccarello.
16:08 of 2nd period - Shot Misses the Net.
16:52 of 2nd period - Shot by Joel Eriksson Ek.
16:52 of 2nd period - Shot Blocked by Zachary Werenski.
17:10 of 2nd period - Shot by Joel Eriksson Ek.
17:10 of 2nd period - Shot Misses the Net.
17:27 of 2nd period - Icing by Quinton Hughes.
17:28 of 2nd period - Joel Eriksson Ek wins face-off versus William Karlsson in BANFF WOLVES zone.
17:28 of 2nd period - Joel Eriksson Ek is hit by Kyle Connor.
17:52 of 2nd period - Shot by Sam Reinhart.
17:52 of 2nd period - Stopped by Jordan Binnington without a rebound.
17:53 of 2nd period - Nico Hischier wins face-off versus Elias Lindholm in BANFF WOLVES zone.
17:54 of 2nd period - Shot by Jaden Schwartz.
17:54 of 2nd period - Shot Blocked by Ian Cole.
18:14 of 2nd period - Shot by Teuvo Teravainen.
18:14 of 2nd period - Shot Misses the Net.
18:24 of 2nd period - Shot by Jaden Schwartz.
18:24 of 2nd period - Deflect By Nico Hischier.
18:24 of 2nd period - Shot Misses the Net.
18:26 of 2nd period - Shot by Nico Hischier.
18:26 of 2nd period - Shot Blocked by Nick Leddy.
18:28 of 2nd period - Shot by Calvin De Haan.
18:28 of 2nd period - Stopped by Jordan Binnington without a rebound.
18:29 of 2nd period - William Karlsson wins face-off versus Mikael Backlund in BANFF WOLVES zone.
18:40 of 2nd period - Shot by Sam Reinhart.
18:40 of 2nd period - Stopped by Jordan Binnington without a rebound.
18:41 of 2nd period - Mikael Backlund wins face-off versus Derek Stepan in BANFF WOLVES zone.
18:52 of 2nd period - Shot by Mikael Backlund.
18:52 of 2nd period - Shot Misses the Net.
18:54 of 2nd period - Shot by Roman Josi.
18:54 of 2nd period - Stopped by Ukko-Pekka Luukkonen without a rebound.
18:55 of 2nd period - William Karlsson wins face-off versus Eric Staal in LONG BEACH BARACUDAS zone.
19:12 of 2nd period - Shot by Sam Reinhart.
19:12 of 2nd period - Stopped by Jordan Binnington without a rebound.
19:13 of 2nd period - Ryan O'Reilly wins face-off versus Elias Lindholm in BANFF WOLVES zone.
19:18 of 2nd period - Shot by Ryan O'Reilly.
19:18 of 2nd period - Shot Misses the Net.
Goals for this period are 0 for LONG BEACH BARACUDAS vs 0 for BANFF WOLVES.
Shots for this period are 11 for LONG BEACH BARACUDAS vs 13 for BANFF WOLVES.

3rd period


0:01 of 3rd period - William Karlsson wins face-off versus Eric Staal in neutral zone.
0:17 of 3rd period - Icing by Nick Leddy.
0:18 of 3rd period - Ryan O'Reilly wins face-off versus Eric Staal in BANFF WOLVES zone.
0:39 of 3rd period - Shot by Jason Dickinson.
0:39 of 3rd period - Goal by Jason Dickinson - LONG BEACH BARACUDAS : 1 - BANFF WOLVES : 2.
0:40 of 3rd period - William Karlsson wins face-off versus Mikael Backlund in neutral zone.
1:29 of 3rd period - Icing by Quinton Hughes.
1:30 of 3rd period - Mikael Backlund wins face-off versus Ryan O'Reilly in BANFF WOLVES zone.
1:56 of 3rd period - Icing by Brock Boeser.
1:57 of 3rd period - Ryan O'Reilly wins face-off versus Joel Eriksson Ek in LONG BEACH BARACUDAS zone.
2:16 of 3rd period - Shot by Brock Boeser.
2:16 of 3rd period - Shot Blocked by Roman Josi.
2:18 of 3rd period - Shot by Seth Jarvis.
2:18 of 3rd period - Shot Blocked by Roman Josi.
2:20 of 3rd period - Shot by Ryan O'Reilly.
2:20 of 3rd period - Shot Misses the Net.
2:22 of 3rd period - Shot by Ryan O'Reilly.
2:22 of 3rd period - Goal by Ryan O'Reilly - LONG BEACH BARACUDAS : 2 - BANFF WOLVES : 2.
2:23 of 3rd period - William Karlsson wins face-off versus Elias Lindholm in neutral zone.
2:53 of 3rd period - Shot by Kyle Connor.
2:53 of 3rd period - Stopped by Jordan Binnington without a rebound.
2:54 of 3rd period - Joel Eriksson Ek wins face-off versus Nico Hischier in BANFF WOLVES zone.
3:14 of 3rd period - Joel Eriksson Ek is hit by Nathan Beaulieu and loses puck.
3:17 of 3rd period - Shot by Joel Eriksson Ek.
3:17 of 3rd period - Stopped by Ukko-Pekka Luukkonen without a rebound.
3:18 of 3rd period - William Karlsson wins face-off versus Elias Lindholm in LONG BEACH BARACUDAS zone.
3:37 of 3rd period - Shot by Sam Reinhart.
3:37 of 3rd period - Shot Blocked by Cam Fowler.
3:39 of 3rd period - Shot by Sam Reinhart.
3:39 of 3rd period - Goal by Sam Reinhart - LONG BEACH BARACUDAS : 3 - BANFF WOLVES : 2.
3:40 of 3rd period - Roope Hintz wins face-off versus Ryan O'Reilly in neutral zone.
5:04 of 3rd period - Shot by Artemi Panarin.
5:04 of 3rd period - Stopped by Ukko-Pekka Luukkonen without a rebound.
5:05 of 3rd period - Mikael Backlund wins face-off versus Nico Hischier in LONG BEACH BARACUDAS zone.
5:41 of 3rd period - Icing by Cam Fowler.
5:42 of 3rd period - Mikael Backlund wins face-off versus William Karlsson in BANFF WOLVES zone.
5:57 of 3rd period - Shot by Mikael Backlund.
5:57 of 3rd period - Shot Misses the Net.
5:59 of 3rd period - Shot by Adam Henrique.
5:59 of 3rd period - Stopped by Ukko-Pekka Luukkonen without a rebound.
6:00 of 3rd period - Elias Lindholm wins face-off versus Derek Stepan in LONG BEACH BARACUDAS zone.
6:42 of 3rd period - Mats Zuccarello is hit by Torey Krug and loses puck.
7:03 of 3rd period - Icing by Torey Krug.
7:04 of 3rd period - Derek Stepan wins face-off versus Joel Eriksson Ek in LONG BEACH BARACUDAS zone.
7:37 of 3rd period - Off-side.
7:38 of 3rd period - Ryan O'Reilly wins face-off versus Tyler Toffoli in neutral zone.
7:38 of 3rd period - Brock Boeser is hit by Mikael Backlund and loses puck.
7:43 of 3rd period - Shot by Ryan O'Reilly.
7:43 of 3rd period - Shot Blocked by Cam Fowler.
7:45 of 3rd period - Shot by Connor Clifton.
7:45 of 3rd period - Shot Blocked by Adam Henrique.
7:47 of 3rd period - Shot by Seth Jarvis.
7:47 of 3rd period - Shot Misses the Net.
8:07 of 3rd period - Shot by Brock Boeser.
8:07 of 3rd period - Stopped by Jordan Binnington with a rebound.
8:09 of 3rd period - Shot by Scott Harrington.
8:09 of 3rd period - Shot Misses the Net.
8:11 of 3rd period - Shot by Ryan O'Reilly.
8:11 of 3rd period - Shot Hit the Post.
8:13 of 3rd period - Shot by Scott Harrington.
8:13 of 3rd period - Shot Blocked by Cam Fowler.
8:17 of 3rd period - Shot by Ryan O'Reilly.
8:17 of 3rd period - Shot Blocked by Adam Henrique.
8:49 of 3rd period - Shot by Sam Reinhart.
8:49 of 3rd period - Stopped by Jordan Binnington without a rebound.
8:50 of 3rd period - Nico Hischier wins face-off versus Elias Lindholm in BANFF WOLVES zone.
9:00 of 3rd period - Icing by Ian Cole.
9:01 of 3rd period - Elias Lindholm wins face-off versus Sam Reinhart in BANFF WOLVES zone.
9:06 of 3rd period - Shot by Kyle Connor.
9:06 of 3rd period - Shot Blocked by Ian Cole.
9:22 of 3rd period - Sam Reinhart is hit by Artemi Panarin and loses puck.
10:20 of 3rd period - Jaden Schwartz is hit by Mats Zuccarello and loses puck.
10:53 of 3rd period - Shot by Brock Boeser.
10:53 of 3rd period - Goal by Brock Boeser - LONG BEACH BARACUDAS : 4 - BANFF WOLVES : 2.
10:54 of 3rd period - William Karlsson wins face-off versus Joel Eriksson Ek in neutral zone.
11:07 of 3rd period - Shot by Roman Josi.
11:07 of 3rd period - Shot Misses the Net.
11:15 of 3rd period - Shot by Joel Eriksson Ek.
11:15 of 3rd period - Stopped by Ukko-Pekka Luukkonen without a rebound.
11:16 of 3rd period - Ryan O'Reilly wins face-off versus Adam Henrique in LONG BEACH BARACUDAS zone.
11:34 of 3rd period - Off-side.
11:35 of 3rd period - William Karlsson wins face-off versus Roope Hintz in neutral zone.
12:13 of 3rd period - Shot by Sam Reinhart.
12:13 of 3rd period - Shot Blocked by Roman Josi.
12:15 of 3rd period - Shot by William Karlsson.
12:15 of 3rd period - Shot Misses the Net.
12:17 of 3rd period - Shot by Zachary Werenski.
12:17 of 3rd period - Stopped by Jordan Binnington without a rebound.
12:18 of 3rd period - Ryan O'Reilly wins face-off versus Mikael Backlund in BANFF WOLVES zone.
12:38 of 3rd period - Shot by Mikael Backlund.
12:38 of 3rd period - Shot Blocked by Scott Harrington.
12:40 of 3rd period - Shot by Adam Henrique.
12:40 of 3rd period - Deflect By Mikael Backlund.
12:40 of 3rd period - Shot Blocked by Ryan O'Reilly.
12:42 of 3rd period - Shot by Quinton Hughes.
12:42 of 3rd period - Stopped by Ukko-Pekka Luukkonen without a rebound.
12:43 of 3rd period - Elias Lindholm wins face-off versus Nico Hischier in LONG BEACH BARACUDAS zone.
12:58 of 3rd period - Shot by Mats Zuccarello.
12:58 of 3rd period - Stopped by Ukko-Pekka Luukkonen without a rebound.
12:59 of 3rd period - William Karlsson wins face-off versus Eric Staal in LONG BEACH BARACUDAS zone.
13:34 of 3rd period - Shot by Kyle Connor.
13:34 of 3rd period - Stopped by Jordan Binnington without a rebound.
13:35 of 3rd period - Elias Lindholm wins face-off versus Ryan O'Reilly in BANFF WOLVES zone.
13:44 of 3rd period - Shot by Seth Jarvis.
13:44 of 3rd period - Stopped by Jordan Binnington with a rebound.
13:46 of 3rd period - Shot by Ryan O'Reilly.
13:46 of 3rd period - Stopped by Jordan Binnington without a rebound.
13:47 of 3rd period - Mikael Backlund wins face-off versus Nico Hischier in BANFF WOLVES zone.
14:14 of 3rd period - Icing by Adam Henrique.
14:15 of 3rd period - Adam Henrique wins face-off versus Kyle Connor in BANFF WOLVES zone.
14:24 of 3rd period - Shot by Adam Henrique.
14:24 of 3rd period - Shot Misses the Net.
14:26 of 3rd period - Shot by Mikael Backlund.
14:26 of 3rd period - Stopped by Ukko-Pekka Luukkonen without a rebound.
14:27 of 3rd period - Ryan O'Reilly wins face-off versus Joel Eriksson Ek in LONG BEACH BARACUDAS zone.
15:01 of 3rd period - Shot by Ryan O'Reilly.
15:01 of 3rd period - Deflect By Seth Jarvis.
15:01 of 3rd period - Shot Misses the Net.
15:49 of 3rd period - Shot by William Karlsson.
15:49 of 3rd period - Shot Misses the Net.
15:51 of 3rd period - Shot by William Karlsson.
15:51 of 3rd period - Stopped by Jordan Binnington with a rebound.
15:53 of 3rd period - Shot by Kyle Connor.
15:53 of 3rd period - Shot Misses the Net.
15:55 of 3rd period - Shot by Zachary Werenski.
15:55 of 3rd period - Stopped by Jordan Binnington without a rebound.
15:56 of 3rd period - Nico Hischier wins face-off versus Mikael Backlund in BANFF WOLVES zone.
16:01 of 3rd period - Shot by Nico Hischier.
16:01 of 3rd period - Shot Misses the Net.
16:13 of 3rd period - Shot by Tyler Toffoli.
16:13 of 3rd period - Stopped by Ukko-Pekka Luukkonen without a rebound.
16:14 of 3rd period - Eric Staal wins face-off versus William Karlsson in LONG BEACH BARACUDAS zone.
17:38 of 3rd period - Elias Lindholm is hit by Brock Boeser and loses puck.
18:00 of 3rd period - Icing by Ryan O'Reilly.
18:01 of 3rd period - Ryan O'Reilly wins face-off versus Mikael Backlund in LONG BEACH BARACUDAS zone.
18:01 of 3rd period - Ryan O'Reilly is hit by Adam Henrique.
Goals for this period are 3 for LONG BEACH BARACUDAS vs 1 for BANFF WOLVES.
Shots for this period are 12 for LONG BEACH BARACUDAS vs 9 for BANFF WOLVES.


BLAKE
WHEELER
STEVEN
STAMKOS
DREW
DOUGHTY

EAST COAST

HOCKEY LEAGUE

  • 63.RHI2PIT5
  • 64.WOR4ATL3
  • 65.QUECHW
  • 66.CHATRV